 Dungeon Crawl Stone Soup version 0.25-a0-21-ga5a8db46c7 (webtiles) character file.

Game seed: 8476749735190523106, levelgen mode: deterministic

2 Kohma the Sneak (level 1, -1/9 HPs)
             Began as a Spriggan Enchanter on Oct 16, 2019.
             Slain by a kobold (4 damage)
             ... on level 1 of the Dungeon.
             The game lasted 00:00:25 (42 turns).

Kohma the Sneak (Spriggan Enchanter)                  Turns: 42, Time: 00:00:25

Health: -1/9       AC:  2    Str:  4    XL:     1   Next: 25%
Magic:  1/5        EV: 18    Int: 16    God:
Gold:   2          SH:  0    Dex: 16    Spells: 4/5 levels left

rFire    . . .     SeeInvis +   a - +1 dagger
rCold    . . .     Gourm    .   (shield restricted)
rNeg     . . .     Faith    .   b - +0 robe
rPois    .         Spirit   .   (helmet restricted)
rElec    .         Reflect  .   (no cloak)
rCorr    .         Harm     .   (gloves unavailable)
MR       .....                  (boots unavailable)
Stlth    +++.......             (no amulet)
HPRegen  0.03/turn              (no ring)
MPRegen  0.09/turn              (no ring)

@: very slightly contaminated, very quick
A: very small, unfitting armour, see invisible, herbivore, speed 3, slow
metabolism 2
a: no special abilities


You were on level 1 of the Dungeon.
You were not hungry.

You visited 1 branch of the dungeon, and saw 1 of its levels.

You collected 2 gold pieces.

Inventory:

Hand Weapons
 a - a +1 dagger (weapon)
Armour
 b - a +0 robe (worn)
Comestibles
 d - a ration


   Skills:
 + Level 1.2 Short Blades
 - Level 3.0 Dodging
 + Level 4.5 Stealth
 - Level 2.6 Spellcasting
 - Level 3.6 Hexes


You had 4 spell levels left.
You knew the following spells:

 Your Spells              Type           Power        Failure   Level  Hunger
a - Corona                Hex            ##.....      4%          1    #......

Your spell library contained the following spells:

 Spells                   Type           Power        Failure   Level  Hunger
 Confuse                  Hex            ##......     13%         3    ###....
 Tukima's Dance           Hex            ##......     13%         3    ###....
 Ensorcelled Hibernation  Hex/Ice        #.....       14%         2    ##.....
 Dazzling Spray           Conj/Hex       #.....       28%         3    ###....


Dungeon Overview and Level Annotations

Branches:
Dungeon (1/15)

Altars:


Innate Abilities, Weirdness & Mutations

You are very small and have problems with some larger weapons.
You are too small for most types of armour.
You have supernaturally acute eyesight. (SInv)
You are a herbivore.
You cover ground extremely quickly.
You need to consume almost no food.


Message History

You hit the goblin.
You kill the goblin!
The kobold throws a stone.
The stone hits you but does no damage. The kobold hits you.
You see here a +0 dagger.
Casting: Corona (safe; 4% risk of failure)
Confirm with . or Enter, or press ? or * to list all spells.
Aiming: Corona (safe; 4% risk of failure)
Press: ? - help, Shift-Dir - straight line, f - kobold
Aim: a kobold (chance to defeat MR: 67%)
You miscast Corona.
Nothing appears to happen.
The kobold misses you.
Casting: Corona (safe; 4% risk of failure)
Confirm with . or Enter, or press ? or * to list all spells.
Aiming: Corona (safe; 4% risk of failure)
Press: ? - help, Shift-Dir - straight line, f/p - kobold
Aim: a kobold (chance to defeat MR: 67%)
You miscast Corona.
You hear an indistinct dissonance whispering inside your mind.
The kobold hits you.
You die...

.#...#
........ #
###.#....
..K...# ?#
........
#....# ..
....#
#.g.##?#
#...#
#.....#
#...#
##.##g#
#...# # #.#
#...###.#
#.###.####.#
........#
#...@K..[..#
..>.....#
#####.####.#
....##.##
..# ..=.# .#
#### ..... #
..#.#g
..#.#..
..K.# .#


You could see a kobold.

Vanquished Creatures
  A goblin (D:1)
  A rat (D:1)
2 creatures vanquished.

Notes
Turn   | Place    | Note
-------+----------+-------------------------------------------
     0 | D:1      | Kohma the Spriggan Enchanter began the quest for the Orb.
     0 | D:1      | Reached XP level 1. HP: 9/9 MP: 5/5
    42 | D:1      | Slain by a kobold

Levels and vault maps discovered:
D:1:      saegor_arrival_under_anarchy, layout_loops_ring

Action                   || total
-------------------------++-------
Melee: Dagger            ||     3
 Cast: Corona            ||     1
Dodge: Dodged            ||     3

Table legend:
 A = Non-vault XP
 B = Vault XP
 C = Vault XP percentage of total XP
 D = Non-vault monster count
 E = Vault monster count
 F = Vault count percentage of total count
                 A         B        C        D         E       F
            +---------+---------+-------+---------+---------+-------
      Total |       3 |       0 |   0.0 |       2 |       0 |   0.0
            +---------+---------+-------+---------+---------+-------
        D:1 |       3 |       0 |   0.0 |       2 |       0 |   0.0
            +---------+---------+-------+---------+---------+-------
